 Dungeon Crawl Stone Soup version 0.28-a0-938-gbc3f381ebc (webtiles) character file.

Game seed: 11953850914063186848

1038 croobank the Shooter (level 8, -2/58 HPs)
             Began as a Human Monk on Nov 28, 2021.
             Was a High Priest of Nemelex Xobeh.
             Slain by a centaur (3 damage)
             ... on level 6 of the Dungeon.
             The game lasted 00:31:33 (6041 turns).

croobank the Shooter (Human Monk)                   Turns: 6041, Time: 00:31:36

Health: -2/58      AC:  9    Str: 15    XL:     8   Next: 48%
Magic:  10/10      EV: 12    Int: 17    God:    Nemelex Xobeh [*****.]
Gold:   286        SH:  0    Dex: 16    Spells: 7/10 levels left

rFire   . . .      SeeInvis +   a - +2 falchion
rCold   . . .      Faith    .   (no shield)
rNeg    + . .      Spirit   .   z - +1 ring mail
rPois   +          Reflect  .   (no helmet)
rElec   .          Harm     .   (no cloak)
rCorr   .          Rampage  .   q - +2 pair of gloves
Will    +....                   (no boots)
Stlth   +.........              (no amulet)
HPRegen 0.19/turn               j - +6 ring of intelligence
MPRegen 0.12/turn               i - ring "Rennup" {rPois rN+ Will+ Str+2 SInv}

@: studying Bows
A: no striking features
a: Renounce Religion, Draw Escape, Draw Destruction, Draw Summoning, Triple
Draw, Deal Four, Stack Five


You were on level 6 of the Dungeon.
You worshipped Nemelex Xobeh.
Nemelex Xobeh was extremely pleased with you.
You visited 1 branch of the dungeon, and saw 6 of its levels.
You also visited: Sewer.

You collected 286 gold pieces.

Inventory:

Hand Weapons
 a - a +2 falchion (weapon)
 b - a +0 shortbow
 g - a +0 hunting sling
 k - a +0 short sword
 n - a +2 dagger of freezing
 y - a +2 dagger of speed
 B - a +3 long sword
 E - a +0 trident
 P - a +3 war axe
Missiles
 d - 39 poisoned darts (quivered)
 f - 208 stones
 l - 3 atropa-tipped darts
 m - 71 bolts
 o - 44 arrows
 x - 18 sling bullets
Armour
 c - a +0 scale mail
 q - a +2 pair of gloves (worn)
 z - a +1 ring mail (worn)
Jewellery
 e - a +4 ring of slaying
 i - the ring "Rennup" (right hand) {rPois rN+ Will+ Str+2 SInv}
   (You acquired it on level 1 of the Dungeon)

   [ring of see invisible]

   Str:       It affects your strength (+2).
   rPois:     It protects you from poison.
   rN:        It protects you from negative energy.
   SInv:      It lets you see invisible.
   Will:      It increases your willpower.
 j - a +6 ring of intelligence (left hand)
 w - a +4 ring of evasion
 D - a ring of protection from cold
 L - a ring of resist corrosion
Wands
 r - a wand of acid (9)
Scrolls
 p - a scroll of holy word {unknown}
 t - 4 scrolls of magic mapping
 u - a scroll of immolation {unknown}
 v - 2 scrolls of fog
 G - a scroll of noise {unknown}
 H - a scroll of enchant weapon
 K - 2 scrolls of teleportation
 M - a scroll of blinking
Potions
 h - a potion of lignification
 s - a potion of heal wounds
 A - 3 potions of curing
 C - a potion of cancellation
 I - a potion of brilliance {unknown}
 J - a potion of mutation {unknown}
 N - a potion of berserk rage {unknown}


   Skills:
 - Level 3.5 Fighting
 - Level 4.1 Long Blades
 - Level 4.3 Bows
 - Level 1.1 Armour
 - Level 3.3 Dodging
 - Level 2.1 Stealth
 - Level 1.7 Spellcasting
 - Level 3.1 Conjurations
 + Level 3.7 Air Magic
 + Level 3.7 Poison Magic


You had 7 spell levels left.
You knew the following spells:

 Your Spells              Type           Power      Damage    Failure   Level
a - Mephitic Cloud        Conj/Pois/Air  13%        N/A       28%         3

Your spell library contained the following spells:

 Spells                   Type           Power      Damage    Failure   Level
 Poisonous Vapours        Pois/Air       28%        N/A       13%         2
 Corpse Rot               Necr/Air       14%        N/A       28%         2
 Sublimation of Blood     Necr           1%         N/A       52%         2
 Wereblood                Tmut           1%         N/A       52%         2
 Ignite Poison            Fire/Tmut/Pois 5%         N/A       56%         3
 Freezing Cloud           Conj/Ice/Air   4%         6-21      99%         5
 Summon Hydra             Summ           0%         N/A       100%        7


Dungeon Overview and Level Annotations

Branches:
Dungeon (6/15)             Temple (0/1) D:4           Sewer (visited)

Altars:
Nemelex Xobeh
Xom


Message History

[Y]es or [N]o only, please.
Really attack while wielding your +0 shortbow? [Y]es or [N]o only, please.
Really attack while wielding your +0 shortbow? [Y]es or [N]o only, please.
Really attack while wielding your +0 shortbow? [Y]es or [N]o only, please.
Really attack while wielding your +0 shortbow?
Okay, then.
a - a +2 falchion (weapon)
The centaur misses you.
The centaur kicks you but does no damage.
You slash the centaur!
The centaur is heavily wounded.
The centaur hits you with the +7 hand axe of Xom's Whim {elec, +Blink Int+4 Stlth+}.
The centaur kicks you but does no damage.
You completely miss the centaur.
The centaur is heavily wounded.
The centaur hits you with the +7 hand axe of Xom's Whim {elec, +Blink Int+4 Stlth+}!
The centaur misses you. x2
The centaur kicks you but does no damage.
You slash the centaur!
The centaur is almost dead.
The centaur hits you with the +7 hand axe of Xom's Whim {elec, +Blink Int+4 Stlth+}.
* * * LOW HITPOINT WARNING * * *
The centaur kicks you but does no damage.
The centaur hits you but does no damage.
You are electrocuted!
* * * LOW HITPOINT WARNING * * *
The centaur kicks you but does no damage.
You draw a card...
You have drawn the Elixir.
You begin rapidly regenerating health and magic.
The centaur closely misses you. The centaur barely misses you.
You hit the centaur but do no damage.
The centaur is almost dead.
The centaur hits you with the +7 hand axe of Xom's Whim {elec, +Blink Int+4 Stlth+}!
* * * LOW HITPOINT WARNING * * *
The centaur kicks you.
You die...
Your body glows with a rainbow of weird colours and disappears.

.#...## ..... ...#.
... ... #.# # #c# #
#@# # #.# # #.### #
# #...# #.#########
###.# ..........
#.###.#######.....##
#...................
#####.#######.....##
#.#######.....#


You could see a centaur.

Vanquished Creatures
  Pargi (Sewer)
  An ogre (D:5)
  2 scorpions
  A wyvern skeleton (D:6)
  5 wights (D:6)
  A centaur zombie (D:5)
  A bullfrog zombie (D:6)
  2 hounds
  A centaur skeleton (D:6)
  An iguana (D:5)
  2 orc wizards
  A hound skeleton (D:4)
  4 gnolls (D:5)
  7 adders
  3 worms
  10 orcs
  6 bats
  8 endoplasms
  7 giant cockroaches
  11 goblins
  8 hobgoblins
  15 jackals
  11 quokkas
  4 ball pythons
  5 frilled lizards
  14 kobolds
  6 rats
138 creatures vanquished.

Notes
Turn   | Place    | Note
-------+----------+-------------------------------------------
     0 | D:1      | croobank the Human Monk began the quest for the Orb.
     0 | D:1      | Reached XP level 1. HP: 18/18 MP: 1/1
   202 | D:1      | Reached XP level 2. HP: 24/24 MP: 2/2
   499 | D:1      | Reached XP level 3. HP: 29/29 MP: 3/3
  1023 | D:1      | Acquired the ring "Rennup" {rPois rN+ Will+ Str+2 SInv}
  1143 | D:2      | Found a faded altar of an unknown god.
  1190 | D:2      | Prayed at the altar of an unknown god.
  1190 | D:2      | Became a worshipper of Nemelex Xobeh the Trickster
  1190 | D:2      | Reached * piety under Nemelex Xobeh
  1190 | D:2      | Received a gift from Nemelex Xobeh
  1190 | D:2      | Reached ** piety under Nemelex Xobeh
  1190 | D:2      | Received a gift from Nemelex Xobeh
  1377 | D:2      | Reached XP level 4. HP: 35/35 MP: 4/4
  1452 | D:2      | Reached *** piety under Nemelex Xobeh
  1488 | D:2      | Received a gift from Nemelex Xobeh
  1540 | D:2      | Found a shimmering altar of Xom.
  1665 | D:2      | Reached skill level 1 in Armour
  2275 | D:3      | Reached skill level 1 in Bows
  2281 | D:3      | Found a glowing drain.
  2285 | Sewer    | Entered a sewer
  2339 | Sewer    | Reached XP level 5. HP: 40/41 MP: 5/5
  2379 | Sewer    | Noticed Pargi
  2386 | Sewer    | Killed Pargi
  2387 | Sewer    | Reached XP level 6. HP: 35/47 MP: 6/6
  3033 | D:3      | Received a gift from Nemelex Xobeh
  3315 | D:3      | Received a gift from Nemelex Xobeh
  3573 | D:4      | Reached **** piety under Nemelex Xobeh
  3660 | D:4      | Found a staircase to the Ecumenical Temple.
  3825 | D:4      | Learned a level 3 spell: Mephitic Cloud
  3966 | D:4      | Reached skill level 1 in Spellcasting
  4230 | D:4      | Acquired a manual of Bows
  4500 | D:5      | Entered Level 5 of the Dungeon
  4559 | D:5      | Reached XP level 7. HP: 52/52 MP: 9/9
  4602 | D:5      | Reached skill level 1 in Conjurations
  5047 | D:5      | Reached skill level 1 in Air Magic
  5047 | D:5      | Reached skill level 1 in Poison Magic
  5388 | D:5      | Received a gift from Nemelex Xobeh
  5588 | D:6      | Reached XP level 8. HP: 51/58 MP: 10/10
  5818 | D:6      | Reached ***** piety under Nemelex Xobeh
  6030 | D:6      | Identified the +7 hand axe of Xom's Whim {elec, +Blink
                  | Int+4 Stlth+}
  6039 | D:6      | HP: 1/58 [centaur (13)]
  6041 | D:6      | Slain by a centaur

Illustrated notes

Levels and vault maps discovered:
D:1:      lightli_arrival_statue_moat, layout_basic, minmay_distorted
D:2:      layout_basic, basic_altar, hellmonk_ecumenical_altar_lost_god,
          supply_closet_lemuel, lemuel_another_geyser
D:3:      layout_loops_corners, gup_sewer_entry_bowl, kennysheep_generic_room_3
D:4:      layout_loops_cross, minmay_temple_entry_drinking_statues,
          nicolae_elevator_lobby_plus
D:5:      layout_loops_cross
D:6:      layout_loops_ring, minivault_23

Skill      XL: |  1  2  3  4  5  6  7  8 |
---------------+-------------------------+-----
Long Blades    | 4 |  4.1
Armour         | 1 |  1.1
Bows           | 1 3 4 |  4.3
Spellcasting   | 1 |  1.7
Conjurations   | 3 |  3.1
Air Magic      | 2 3 |  3.7
Poison Magic   | 2 3 |  3.7
Fighting       | |  3.5
Dodging        | |  3.3
Stealth        | |  2.1

Action                   |  1- 3 |  4- 6 |  7- 9 || total
-------------------------+-------+-------+-------++-------
Melee: Falchion          |    98 |   186 |    90 ||   374
 Fire: Hunting sling     |     1 |       |       ||     1
       Shortbow          |       |     2 |     5 ||     7
Invok: Draw Destruction  |       |     1 |     2 ||     3
       Draw Escape       |       |       |     1 ||     1
  Use: Scroll            |     4 |     3 |     9 ||    16
 Stab: Sleeping          |     3 |    11 |     2 ||    16
Armor: Leather armour    |    35 |    30 |       ||    65
       Robe              |     1 |       |       ||     1
       Ring mail         |       |    32 |    37 ||    69
Dodge: Dodged            |    67 |   108 |    77 ||   252

Table legend: (Time is in decaauts)
 A = Elapsed time spent in this place.
 B = Non-inter-level travel time spent in this place.
 C = Inter-level travel time spent in this place.
 D = Time resting spent in this place.
 E = Time spent auto-exploring this place.
 F = Levels seen in this place.
 G = Mean time per level.
                   A        B        C        D        E       F      G
               +--------+--------+--------+--------+--------+-----+--------+
         Total |   6079 |   5898 |    181 |    837 |   3712 |   7 |  868.4 |
       Dungeon |   5848 |   5667 |    181 |    837 |   3555 |   6 |  974.7 |
         Sewer |    231 |    231 |      0 |      0 |    157 |   1 |  231.0 |
               +--------+--------+--------+--------+--------+-----+--------+

Top non-repeatable levels by time:
     D:3: 1156 daAuts
     D:1: 1122 daAuts
     D:5: 1082 daAuts
     D:2: 1058 daAuts
     D:4: 965 daAuts
     D:6: 463 daAuts
   Sewer: 231 daAuts
